 Dungeon Crawl Stone Soup version 0.29.1-12-g30fa7ad0bf (webtiles) character file.

Game seed: 2416073709824676441

65 soggyman666 the Magician (level 4, -2/31 HPs)
             Began as a Djinni Fire Elementalist on Dec 14, 2022.
             Slain by soggyman666's ghost (7 damage)
             ... on level 3 of the Dungeon.
             The game lasted 00:04:46 (3577 turns).

soggyman666 the Magician (Djinni Fire Elementalist) Turns: 3577, Time: 00:04:46

Health: -2/31      AC:  3    Str:  7    XL:     4   Next: 34%
Gold:   130        EV: 12    Int: 24    God:
                   SH:  0    Dex: 14

rFire   + + .      SeeInvis +   m - +2 dagger "Pulugiew" {vorpal, Int+6}
rCold   x . .      Faith    .   (no shield)
rNeg    . . .      Spirit   .   a - +0 robe
rPois   ∞          Reflect  .   d - +0 helmet
rElec   .          Harm     .   (no cloak)
rCorr   .          Rampage  .   (no gloves)
Will    .....                   (boots unavailable)
Stlth   ++........              (no amulet)
HPRegen 0.10/turn               h - ring of see invisible
MPRegen 0.00/turn               (no ring)

@: flying
A: sickness immunity, fire resistance 2, cold vulnerability 1, float, innate
caster, HP casting, extra vitality 1
a: no special abilities


You were on level 3 of the Dungeon.
You visited 1 branch of the dungeon, and saw 3 of its levels.

You collected 130 gold pieces.

Inventory:

Hand Weapons
 m - the +2 dagger "Pulugiew" (weapon) {vorpal, Int+6}
   (You found it on level 3 of the Dungeon)

   It inflicts extra damage upon your enemies.
   Int:       It affects your intelligence (+6).
Armour
 a - a +0 robe (worn)
 d - a +0 helmet (worn)
Jewellery
 h - a ring of see invisible (left hand)
 q - a +6 ring of strength
Wands
 n - a wand of charming (6)
Scrolls
 c - a scroll of magic mapping {unknown}
 i - a scroll of amnesia {unknown}
 k - a scroll of immolation {unknown}
 l - a scroll of blinking {unknown}
 o - 2 scrolls of identify
 p - a scroll of acquirement {unknown}
Potions
 b - 2 potions of curing {unknown}
 e - a potion of might {unknown}
 f - a potion of haste {unknown}
 g - 2 potions of resistance
 j - 2 potions of degeneration {unknown}


   Skills:
 + Level 2.4 Dodging
 + Level 1.7 Stealth
 + Level 3.6 Spellcasting


You couldn't memorise any spells.
You knew the following spells:

 Your Spells              Type           Power      Damage    Failure   Level
a - Foxfire               Conj/Fire      88%        2x1d8     2%          1
b - Scorch                Fire           44%        2d7       3%          2
c - Conjure Flame         Conj/Fire      22%        6-21      7%          3
d - Inner Flame           Hex/Fire       22%        N/A       7%          3
e - Flame Wave            Conj/Fire      22%        2d8       22%         4
f - Summon Small Mammal   Summ           88%        N/A       2%          1
Your spell library was empty.

Dungeon Overview and Level Annotations

Branches:
Dungeon (3/15)

Altars:
The Shining One

Annotations:
D:3 soggyman666's ghost, amateur GnFi


Innate Abilities, Weirdness & Mutations

You are immune to sickness and miasma.
You are immune to poison.
Your flesh is very heat resistant. (rF++)
You are vulnerable to cold. (rC-)
You float through the air rather than walking.
You learn spells naturally, not from books.
Your magical power is your life essence.
You have superior vitality. (+4 MHP)


Message History

The foxfire hits soggyman666's ghost but does no damage. x2
You conjure some foxfire!
The foxfire hits soggyman666's ghost.
Soggyman666's ghost is lightly damaged.
The foxfire hits soggyman666's ghost but does no damage.
Soggyman666's ghost is lightly damaged.
You conjure some foxfire!
The foxfire hits soggyman666's ghost but does no damage.
Soggyman666's ghost is lightly damaged.
The foxfire hits soggyman666's ghost.
Soggyman666's ghost is lightly damaged.
Casting: Foxfire (safe; 2% risk of failure)
Confirm with . or Enter, or press ? or * to list all spells.
You don't know that spell.
Your foxfire dissipates!
The foxfire hits soggyman666's ghost.
Soggyman666's ghost is lightly damaged.
Casting: Foxfire (safe; 2% risk of failure)
Confirm with . or Enter, or press ? or * to list all spells.
Flames lash soggyman666's ghost.
Soggyman666's ghost is moderately damaged.
Soggyman666's ghost's fire resistance burns away.
Soggyman666's ghost hits you!
Casting: Scorch (safe; 3% risk of failure)
Confirm with . or Enter, or press ? or * to list all spells.
Flames lash soggyman666's ghost.
Soggyman666's ghost is burned terribly!
Soggyman666's ghost is heavily damaged.
Soggyman666's ghost closely misses you.
Casting: Scorch (safe; 3% risk of failure)
Confirm with . or Enter, or press ? or * to list all spells.
Flames lash soggyman666's ghost.
Soggyman666's ghost is burned terribly!
Soggyman666's ghost is heavily damaged.
Soggyman666's ghost hits you.
* * * LOW HITPOINT WARNING * * *
Unknown command.
Okay, then.
Aiming: Charm
Press: ? - help, Shift-Dir - straight line, f - soggyman666's ghost
Aim: soggyman666's ghost (heavily damaged, more vulnerable to fire, chance to affect: 37%) Soggyman666's ghost easily resists.
Soggyman666's ghost hits you!
You die...

...######.###..###########...# #.
........#..###.#.:.###.......###.
...####........#.~.#.............
.########......#.~.#..........##.
.####..........#.~.#..#......#...
.##...####.#...#.~.##....###...#.
....### #.^##.##'###.##.###.####
..#..# ##.##..W............#
.##..# #......@..........######
.##..# #..#..#..........###....
.##..# #..#.##..........# #....
.###÷## #..#.............###....
####..####..#.####...[..#..##....
#......##.....# ##..#..##.##....
..........#.>.# #.##...#.......
..........#..## ###.##.#.###.#...
.........#....# #.........#[.....


You could see soggyman666's ghost (combustible).

Vanquished Creatures
  2 adders
  A worm (D:2)
  3 dart slugs (D:1)
  An orc (D:3)
  3 endoplasms
  A giant cockroach (D:2)
  3 goblins
  3 hobgoblins
  3 kobolds (D:1)
  2 quokkas
  4 ball pythons
  2 bats
  5 frilled lizards
  3 rats
36 creatures vanquished.

Vanquished Creatures (others)
  210 foxfires
210 creatures vanquished.

Grand Total: 246 creatures vanquished

Notes
Turn   | Place    | Note
-------+----------+-------------------------------------------
     0 | D:1      | soggyman666 the Djinni Fire Elementalist began the quest
                  | for the Orb.
     0 | D:1      | soggyman666 set off with the following spells memorised:
                  | Foxfire, Scorch, Conjure Flame, Inner Flame, Flame Wave.
     0 | D:1      | Reached XP level 1. HP: 15/15 MP: 0/0
   506 | D:1      | Reached XP level 2. HP: 17/21 MP: 0/0
  1155 | D:1      | Reached skill level 3 in Spellcasting
  1308 | D:1      | Found a faded altar of an unknown god.
  1487 | D:2      | Reached XP level 3. HP: 23/25 MP: 0/0
  1487 | D:2      | Learned a level 1 spell: Summon Small Mammal
  1756 | D:2      | Found a glowing golden altar of the Shining One.
  2779 | D:3      | Identified the +2 dagger "Pulugiew" {vorpal, Int+6}
  2794 | D:3      | Reached XP level 4. HP: 27/31 MP: 0/0
  3154 | D:3      | Found a runed translucent door.
  3565 | D:3      | Noticed soggyman666's ghost (amateur GnFi)
  3577 | D:3      | Slain by soggyman666's ghost

Illustrated notes

Levels and vault maps discovered:
D:1:      dpeg_arrival_tiny_e, layout_basic, ebering_ecumenical_altar_hall,
          dk_noncrumbling_4
D:2:      layout_basic, basic_altar
D:3:      layout_rooms, ebering_ghost_reflecting_pool, st_stairs_9

Skill      XL: |  1  2 |
---------------+-------+-----
Spellcasting   | 3 |  3.6
Dodging        | |  2.4
Stealth        | |  1.7

Action                   |  1- 3 |  4- 6 || total
-------------------------+-------+-------++-------
 Cast: Foxfire           |    91 |    38 ||   129
       Scorch            |     5 |     3 ||     8
Evoke: Wand              |       |     1 ||     1
  Use: Scroll            |     3 |       ||     3
Dodge: Dodged            |     5 |     1 ||     6
